 Dungeon Crawl Stone Soup version 0.25.1-2-g60ff931df9 (webtiles) character file.

Game seed: 679139837410277747

582 DogServant the Conjurer (level 7, -2/40 HPs)
             Began as a Tengu Fire Elementalist on Oct 22, 2020.
             Was an Initiate of Vehumet.
             Slain by a centaur zombie (8 damage)
             ... on level 5 of the Dungeon.
             The game lasted 00:06:37 (5047 turns).

DogServant the Conjurer (Tengu Fire Elementalist)   Turns: 5047, Time: 00:06:37

Health: -2/40      AC:  2    Str:  9    XL:     7   Next: 36%
Magic:  10/13      EV: 15    Int: 17    God:    Vehumet [......]
Gold:   208        SH:  0    Dex: 14    Spells: 4/12 levels left

rFire    . . .     SeeInvis .   h - +0 falchion
rCold    + . .     Gourm    .   (no shield)
rNeg     . . .     Faith    .   a - +0 robe
rPois    .         Spirit   .   g - +0 hat
rElec    .         Reflect  .   (no cloak)
rCorr    .         Harm     .   (no gloves)
MR       .....                  (boots unavailable)
Stlth    ++........             (no amulet)
HPRegen  0.13/turn              d - ring of protection from cold
MPRegen  0.13/turn              (no ring)

@: flying quickly and evasively, quick
A: beak, talons 3, able to fly
a: Stop Flying, Renounce Religion


You were on level 5 of the Dungeon.
You worshipped Vehumet.
Vehumet was noncommittal.
You were not hungry.

You visited 1 branch of the dungeon, and saw 5 of its levels.

You collected 208 gold pieces.

Inventory:

Hand Weapons
 h - a +0 falchion (weapon)
Missiles
 n - 14 poisoned darts (quivered)
Armour
 a - a +0 robe (worn)
 g - a +0 hat (worn)
 q - a +3 ring mail
Jewellery
 d - a ring of protection from cold (left hand)
Scrolls
 b - a scroll of blinking {unknown}
 e - 7 scrolls of identify {unknown}
 f - 4 scrolls of teleportation {unknown}
 j - a scroll of fear {unknown}
 k - a scroll of remove curse {unknown}
 p - a scroll of immolation {unknown}
Potions
 i - a potion of ambrosia {unknown}
 l - 2 potions of heal wounds {unknown}
 m - a potion of might {unknown}
 o - 2 potions of curing
Comestibles
 c - 6 rations
 r - 5 chunks of flesh


   Skills:
 + Level 2.4 Fighting
 - Level 2.1 Dodging
 - Level 2.0 Stealth
 - Level 3.3 Spellcasting
 + Level 6.0 Conjurations
 + Level 6.0 Fire Magic


You had 4 spell levels left.
You knew the following spells:

 Your Spells              Type           Power        Failure   Level  Hunger
a - Foxfire               Conj/Fire      ###.         1%          1    None
b - Conjure Flame         Conj/Fire      ###.....     4%          3    ###....
c - Sticky Flame          Conj/Fire      ###.....     14%         4    ####...

Your spell library contained the following spells:

 Spells                   Type           Power        Failure   Level  Hunger
 Inner Flame              Hex/Fire       ##......     14%         3    ###....
 Animate Skeleton         Necr           N/A          17%         1    None
 Pain                     Necr           #...         17%         1    None
 Vampiric Draining        Necr           #.........   45%         3    ###....
 Animate Dead             Necr           N/A          86%         4    ####...
 Fireball                 Conj/Fire      ###.......   36%         5    ######.
 Agony                    Necr           #.......     99%         5    ######.


Dungeon Overview and Level Annotations

Branches:
Dungeon (5/15)
 Temple: D:4-7

Altars:
Ashenzari
Dithmenos
Vehumet

Annotations:
D:4 Dowan, Duvessa


Innate Abilities, Weirdness & Mutations

You have a beak for a mouth.
You have claws for feet.
You can fly continuously.


Message History

The foxfire hits the centaur zombie.
The centaur zombie is severely damaged.
The centaur zombie hits you but does no damage.
Casting: Foxfire (safe; 1% risk of failure)
Confirm with . or Enter, or press ? or * to list all spells.
You conjure some foxfire!
The foxfire hits the bullfrog zombie.
The bullfrog zombie is lightly damaged.
The centaur zombie hits you.
The foxfire hits the centaur zombie.
The centaur zombie is almost destroyed.
The centaur zombie hits you. The bullfrog zombie hits you.
The centaur zombie hits you. The bullfrog zombie hits you.
* * * LOW HITPOINT WARNING * * *
The centaur zombie misses you. The bullfrog zombie hits you.
* * * LOW HITPOINT WARNING * * *
The centaur zombie misses you.
The bullfrog zombie hits you but does no damage.
The centaur zombie hits you!
You die...

.#### ##.. .#
.....#####.###.###
#..............
#..#.##.....###
#........<.....
#.##..........########
#....................#
#####.##.#.#.#.......#
#..Z@..#÷#)≈≈≈≈..#
#.......Z...#...≈≈≈≈.#
#...#.#.#######≈≈≈≈≈.#
......#$# ##.≈≈≈≈.#
#.....#.# #....÷.P#
...8....# ###.##..###
......#.####.......#
.... ...........#..###
#......#.##...#


You could see a bullfrog zombie and a centaur zombie.

Vanquished Creatures
  An ogre (D:3)
  A bullfrog (D:5)
  A wyvern skeleton (D:5)
  2 centaur zombies (D:5)
  A jelly (D:5)
  An orc priest (D:4)
  An orc wizard (D:4)
  2 worker ants
  2 hound zombies (D:5)
  A worker ant zombie (D:5)
  3 adders
  A shadow imp (D:5)
  An ooze (D:1)
  An adder skeleton (D:4)
  An adder zombie (D:5)
  A worm (D:2)
  A dart slug (D:3)
  4 leopard geckos
  5 orcs
  3 giant cockroaches
  9 hobgoblins
  6 jackals (D:1)
  8 kobolds
  A quokka (D:3)
  3 ball pythons (D:4)
  6 bats
  6 frilled lizards
  8 goblins
  2 jackal skeletons
  A leopard gecko zombie (D:5)
  2 quokka zombies (D:5)
  8 rats
94 creatures vanquished.

Vanquished Creatures (others)
  291 foxfires
291 creatures vanquished.

Grand Total: 385 creatures vanquished

Notes
Turn   | Place    | Note
-------+----------+-------------------------------------------
     0 | D:1      | DogServant the Tengu Fire Elementalist began the quest for
                  | the Orb.
     0 | D:1      | Reached XP level 1. HP: 10/10 MP: 4/4
   385 | D:1      | Reached XP level 2. HP: 15/15 MP: 0/6
   841 | D:1      | Reached XP level 3. HP: 19/19 MP: 3/7
  1012 | D:1      | You fall into a shaft and drop 1 floor!
  1773 | D:2      | Reached XP level 4. HP: 24/24 MP: 5/9
  1922 | D:3      | Noticed an ogre
  1930 | D:3      | Killed an ogre
  1930 | D:3      | Gained mutation: You can fly continuously. [Tengu growth]
  1930 | D:3      | Reached XP level 5. HP: 28/28 MP: 5/10
  2068 | D:3      | Found a shadowy altar of Dithmenos.
  2222 | D:3      | Found a shattered altar of Ashenzari.
  3032 | D:4      | Noticed Dowan
  3034 | D:4      | Noticed Duvessa
  3051 | D:4      | Learned a level 3 spell: Conjure Flame
  3614 | D:4      | Learned a level 4 spell: Sticky Flame
  3685 | D:4      | Reached skill level 5 in Fire Magic
  3685 | D:4      | Reached XP level 6. HP: 32/32 MP: 6/12
  4091 | D:5      | Entered Level 5 of the Dungeon
  4101 | D:5      | Reached skill level 1 in Fighting
  4101 | D:5      | Reached skill level 5 in Conjurations
  4265 | D:5      | Found a radiant altar of Vehumet.
  4340 | D:5      | Became a worshipper of Vehumet
  4541 | D:5      | Reached XP level 7. HP: 27/39 MP: 0/13
  5047 | D:5      | Slain by a centaur zombie

Illustrated notes

Levels and vault maps discovered:
D:1:      eino_arrival_cavern_d, layout_loops_cross, minivault_5
D:2:      cheibrodos_greedy_goblins, layout_basic
D:3:      layout_loops_ring, nicolae_overflow_crystal_walls,
          minmay_misc_feat_hallway, nicolae_dithmenos_through_a_glass_darkly
D:4:      layout_basic, first_ration, uniq_duvessa
D:5:      layout_basic, lemuel_round_altar, basic_altar, serial_undead,
          serial_undead_d, serial_undead_f, serial_undead_d, serial_undead_a,
          gammafunk_ghost_arena, uniq_menkaure, uniq_crazy_yiuf_cottage

Skill      XL: |  1  2  3  4  5  6  7 |
---------------+----------------------+-----
Conjurations   | 2 3 4 5 6 |  6.0
Fire Magic     | 4 5 6 |  6.0
Spellcasting   | 3 |  3.3
Fighting       | 1 2 |  2.4
Dodging        | |  2.1
Stealth        | |  2.0

Action                   |  1- 3 |  4- 6 |  7- 9 || total
-------------------------+-------+-------+-------++-------
Melee: Unarmed           |     7 |       |       ||     7
       Kick              |     1 |     1 |     1 ||     3
       Peck              |       |     2 |       ||     2
       Falchion          |       |     6 |     2 ||     8
 Cast: Foxfire           |    66 |   102 |    26 ||   194
       Sticky Flame      |       |     2 |     1 ||     3
       Conjure Flame     |       |     2 |       ||     2
 Abil: Fly               |       |     1 |       ||     1
  Use: Potion            |       |     3 |       ||     3
  Eat: Chunk             |     3 |     8 |       ||    11
       Ration            |       |       |     1 ||     1
Armor: Robe              |     5 |     9 |     2 ||    16
Dodge: Dodged            |    13 |    52 |     8 ||    73
       Rpst.: Falchion   |       |     6 |     1 ||     7
